AoeStats
← Accidenta11y

Arabia

506971967Analyzed
2v2 RM · 17d ago on Sep 16, 2026· 54m 16s· 4 players
Game mode
Random Map
Map size
Medium (4 player)
Population
200
Speed
Normal
Resources
Standard
Victory
Conquest
Starting age
Dark Age
Ending age
Imperial Age
RankedLock teamsTeams togetherTeam positionsShared explorationLock speedFull tech treeHidden civsTurbo modeCheats
Victory
Defeat
🇨🇴 Cumans · Colombia
1019
+11
🇨🇦 Vietnamese · Canada
988
+12
🇨🇱 Maya · Chile
939
-12
🇨🇱 Burgundians · Chile
881
-11
rachingenieria.x
7:46 Loom
10:20 Feudal Age
11:15 Double-Bit Axe
13:33 Wheelbarrow
23:32 Castle Age
23:38 Bloodlines
23:43 Forging
23:47 Scale Barding Armor
28:41 Bow Saw
28:16 Horse Collar
29:51 Chain Barding Armor
31:29 Iron Casting
36:16 Man-at-Arms
39:44 Imperial Age
37:42 Long Swordsman
38:25 Scale Mail Armor
38:27 Squires
38:12 Arson
39:26 Chain Mail Armor
39:21 Gold Mining
39:21 Stone Mining
41:01 Hand Cart
40:10 Two-Handed Swordsman
41:32 Plate Barding Armor
41:58 Blast Furnace
40:23 Cavalier
42:46 Conscription
43:55 Two-Man Saw
43:33 Heavy Plow
43:16 Champion
45:12 Plate Mail Armor
46:00 Paladin
48:18 Hoardings
48:13 Fletching
53:36 Light Cavalry
54:09 Capped Ram
Accidenta11y
10:41 Feudal Age
19:54 Castle Age
20:24 Fletching
20:00 Elite Skirmisher
22:27 Double-Bit Axe
24:55 Horse Collar
27:59 Stone Mining
28:04 Gold Mining
30:16 Bodkin Arrow
30:22 Padded Archer Armor
31:26 Husbandry
33:08 Wheelbarrow
33:11 Forging
33:06 Town Watch
34:50 Hand Cart
36:11 Scale Barding Armor
42:19 Imperial Age
40:59 Town Patrol
42:25 Chain Barding Armor
42:29 Bloodlines
43:18 Iron Casting
43:27 Bow Saw
43:50 Chatras
47:42 Chemistry
47:34 Bracer
50:10 Imperial Skirmisher
52:00 Thumb Ring
52:19 Ballistics
Ncls
11:03 Feudal Age
11:19 Double-Bit Axe
11:43 Horse Collar
18:55 Man-at-Arms
23:45 Heavy Plow
23:58 Bow Saw
24:52 Forging
24:43 Scale Mail Armor
26:12 Arson
29:57 Castle Age
28:35 Gold Mining
28:37 Stone Mining
30:03 Pikeman
30:44 Squires
chunchoemilio
0:28 Loom
11:01 Feudal Age
12:02 Double-Bit Axe
15:15 Fletching
18:55 Padded Archer Armor
18:55 Scale Mail Armor
24:45 Castle Age
23:18 Horse Collar
24:55 Forging
25:09 Eagle Warrior
25:53 Squires
27:28 Heavy Plow
28:36 Wheelbarrow
27:32 Elite Skirmisher
29:50 Chain Mail Armor
32:03 Hand Cart
31:45 Stone Mining
32:10 Bow Saw
32:31 Ballistics
32:53 Town Watch
41:33 Imperial Age
39:19 Bodkin Arrow
40:09 Gold Mining
40:26 Pikeman
43:48 Chemistry
42:14 Capped Ram
43:40 Iron Casting
44:27 Block Printing
45:24 Two-Man Saw
45:41 Heavy Scorpion
48:45 Halberdier
50:41 Plate Mail Armor
51:10 Murder Holes
Connection lost

Rejoining the realm…

Still unreachable

The connection could not be restored.

Session expired

The server has moved on; the page needs a fresh start.